 Dungeon Crawl Stone Soup version 0.25-a0-681-gdf4e720381 (webtiles) character file.

Game seed: 18077439784831715009, levelgen mode: deterministic

23156 DasRunzen the Victor of a Thousand Battles (level 12, -22/98 HPs)
             Began as a Demonspawn Fighter on Mar 30, 2020.
             Was the Champion of Okawaru.
             Hit by a silver javelin thrown by a minotaur (24 damage)
             ... in a Gauntlet.
             The game lasted 00:39:43 (12433 turns).

DasRunzen the Victor of a Thousand Battles (DsFi)  Turns: 12433, Time: 00:39:44

Health: -22/98     AC: 29    Str: 24    XL:     12   Next: 69%
Magic:  0/20       EV: 10    Int: 13    God:    Okawaru [******]
Gold:   894        SH:  8    Dex: 12    Spells: 11/11 levels left

rFire    + . .     SeeInvis .   L - +5 trident "Tinieho" {vorpal, *Noise rF+ rC+ Int+2}
rCold    + . .     Gourm    .   F - +1 buckler {AC+3}
rNeg     + . .     Faith    .   z - +0 plate armour
rPois    .         Spirit   +   A - +1 helmet
rElec    .         Reflect  .   K - scarf {cloud immunity}
rCorr    +         Harm     .   B - +2 pair of gloves {Str+3}
MR       .....     NoTele   +   (no boots)
Stlth    ..........             (no amulet)
HPRegen  0.26/turn              t - ring of positive energy
MPRegen  0.34/turn              E - ring of resist corrosion

@: heroism
A: hooves 2, iridescent scales 2, demonic guardian 1, magic shield, magic
regeneration
a: Heroism, Finesse, Renounce Religion


You were in a Gauntlet.
You worshipped Okawaru.
Okawaru was exalted by your worship.
You were not hungry.

You visited 3 branches of the dungeon, and saw 15 of its levels.
You also visited: Gauntlet.

You collected 894 gold pieces.

Inventory:

Hand Weapons
 o - a +0 long sword of freezing
 s - the +7 falchion of the Yoke {venom, rN+++ MP-9 Int+3 Dex-3}
   (You found it on level 5 of the Dungeon)

   It poisons the flesh of those it strikes.
   It affects your intelligence (+3).
   It affects your dexterity (-3).
   It renders you almost immune to negative energy.
   It affects your magic capacity (-9).
 L - the +5 trident "Tinieho" (weapon) {vorpal, *Noise rF+ rC+ Int+2}
   (You found it in a Gauntlet)

   It inflicts extra damage upon your enemies.
   It affects your intelligence (+2).
   It protects you from fire.
   It protects you from cold.
   It may make noises in combat.
Armour
 u - a +0 cloak
 z - a +0 plate armour (worn)
 A - a +1 helmet (worn)
 B - a +2 pair of gloves of strength (worn)
 F - a +1 buckler of protection (worn)
 K - a scarf of cloud immunity (worn)
Jewellery
 t - a ring of positive energy (left hand)
 E - a ring of resist corrosion (right hand)
 G - an uncursed ring of see invisible {unknown}
Wands
 g - a wand of flame (18)
 n - a wand of random effects (30)
 q - a wand of enslavement (22)
 I - a wand of clouds (6)
Scrolls
 c - a scroll of identify
 h - 2 scrolls of magic mapping
 w - 4 scrolls of teleportation
 x - 2 scrolls of fog
 y - 3 scrolls of amnesia
 D - a scroll of blinking
 J - a scroll of remove curse
Potions
 b - a potion of magic
 d - 2 potions of might
 e - 6 potions of flight
 j - 2 potions of resistance
 k - 2 potions of haste
 l - 2 potions of stabbing
 m - 9 potions of curing
 p - 2 potions of cancellation
 r - 2 potions of brilliance {unknown}
 v - a potion of lignification {unknown}
 C - 3 potions of mutation {unknown}
 H - 2 potions of heal wounds
Comestibles
 f - 30 rations
 i - 5 chunks of flesh


   Skills:
 + Level 10.3(15.3) Fighting
 + Level 8.3(13.3) Long Blades
 + Level 3.9(8.9) Polearms
 + Level 9.5(14.5) Armour
 + Level 9.5(14.5) Shields
 + Level 11.4 Invocations


You had 11 spell levels left.
You didn't know any spells.
Your spell library contained the following spells:

 Spells                   Type           Power        Failure   Level  Hunger
 Apportation              Tloc           #.....       94%         1    ##.....
 Infusion                 Chrm           #...         94%         1    ##.....
 Summon Butterflies       Summ           #.......     94%         1    ##.....
 Shroud of Golubria       Chrm/Tloc      #.....       98%         2    ###....
 Song of Slaying          Chrm           #.......     98%         2    ###....
 Lesser Beckoning         Tloc           #.........   100%        3    ####...
 Ozocubu's Armour         Chrm/Ice       #.......     100%        3    ####...
 Spectral Weapon          Hex/Chrm       #.......     100%        3    ####...
 Tukima's Dance           Hex            #.......     100%        3    ####...
 Alistair's Intoxication  Tmut/Pois      #.......     100%        5    ######.
 Irradiate                Conj/Tmut      #.........   100%        5    ######.
 Hydra Form               Tmut           #.........   100%        6    #######
 Invisibility             Hex            #.......     100%        6    #######
 Statue Form              Tmut/Erth      #........    100%        6    #######
 Dragon Form              Tmut           #.........   100%        7    #######


Dungeon Overview and Level Annotations

Branches:
Dungeon (11/15)            Temple (1/1) D:5            Lair (3/6) D:10
 Shoals (0/4) Lair:2          Orc (0/2) D:11        Gauntlet (1/1)
  Snake: Lair:2-4    Spider: Lair:2-4

Altars:
Ashenzari
Cheibriados
Dithmenos
Elyvilon
Fedhas
Gozag
Hepliaklqana
Kikubaaqudgha
Makhleb
Nemelex Xobeh
Okawaru
Qazlal
Ru
Sif Muna
Trog
Uskayaw
Vehumet
Wu Jian
Xom
Yredelemnul
Zin
The Shining One

Shops:
D:7 *

Annotations:
D:11 1 runed translucent door
Lair:1 exclusion: 3 oklob plants Gauntlet 7 transporters, 1 runed translucent door


Innate Abilities, Weirdness & Mutations

You have hoof-like feet.
You are mostly covered in iridescent scales. (AC +4)
A weak demonic guardian rushes to your aid.
When hurt, damage is shared between your health and your magic reserves.
You regenerate magic rapidly.


Message History

You block the minotaur's attack.
You barely miss the minotaur. Your kick misses the minotaur.
The minotaur is lightly wounded.
The minotaur hits you with a +3 vorpal mace!
* * * LOW HITPOINT WARNING * * *
x2 You block the minotaur's attack.
Okay, then.
You swap places.
The minotaur throws a silver javelin.
The silver javelin pierces through your iron imp.
The silver javelin pierces through you!!
* * * LOW HITPOINT WARNING * * *
The silver sears you!
* * * LOW HITPOINT WARNING * * *
Your iron imp hits the minotaur!
You see here a silver javelin.
The minotaur throws a silver javelin.
The silver javelin pierces through your iron imp!!
Your iron imp dies!
The silver javelin pierces through you!!
You die...

###
#####################
### ##
#.................#
#.♣.♣.©.©.©.©.♣.♣.#
#.................#
###.##.##.##.##.###
#.##.##.##.##.##
..............#
#.##.##.##.##.#
###.##.##@##.##.#
#......((.......#
#.##.###'#.##.### #.#
#H#.##.# ... #.#.....
.##. #.##.##.# #.
.##∩##.# .# #
..###... .# #. .##.
##


You could see a minotaur.

Vanquished Creatures
  An entropy weaver (Gauntlet)
  Snorg (D:10)
  Harold (Lair:2)
  A catoblepas (Gauntlet)
  Pikel (D:8)
  2 oklob plants (Lair:1)
  An ugly thing (D:11)
  A centaur zombie (D:10)
  Maurice (D:8)
  2 black mambas (Lair:1)
  4 elephants (Gauntlet)
  Psyche (D:8)
  3 gargoyles
  A centaur skeleton (D:9)
  3 spiny frogs
  A rime drake (Lair:1)
  A jumping spider (Gauntlet)
  2 trolls
  Prince Ribbit (D:9)
  A queen bee (D:9)
  5 hippogriffs
  A basilisk (Lair:2)
  13 yaks
  3 wyverns
  A hungry ghost (D:10)
  Grum (D:8)
  A steam dragon (D:11)
  3 wargs
  3 water moccasins
  5 porcupines
  6 orc warriors
  3 ice beasts
  5 sky beasts
  2 necrophages
  4 ogres
  6 wolves
  9 centaurs
  A phantom (D:5)
  4 crocodiles
  3 big kobolds
  9 bullfrogs
  A gnoll sergeant (D:10)
  A scorpion (D:4)
  A water moccasin skeleton (D:11)
  23 killer bees (D:9)
  2 howler monkeys
  3 crimson imps
  A bullfrog zombie (D:3)
  A quasit (D:10)
  3 hounds
  7 jellies
  8 orc priests
  9 orc wizards
  2 bullfrog skeletons
  Jessica (D:2)
  An iguana (D:4)
  5 worker ants
  2 killer bee zombies
  2 hound zombies
  2 hound skeletons
  A worker ant zombie (D:5)
  A howler monkey zombie (D:10)
  12 adders
  12 gnolls
  3 shadow imps
  8 oozes
  An adder zombie (D:6)
  5 worms
  6 leopard geckos
  32 orcs
  7 bats
  6 giant cockroaches
  10 goblins
  10 hobgoblins
  9 jackals
  29 kobolds
  4 quokkas
  2 ball pythons
  5 frilled lizards
  3 rats
  A plant (Lair:1)
360 creatures vanquished.

Vanquished Creatures (collateral kills)
  A two-headed ogre (D:10)
  A torpor snail (Gauntlet)
  A yak (Lair:2)
  A basilisk (D:11)
  A hound (D:10)
  An orc wizard (D:10)
  A gnoll (D:10)
  4 orcs
  A kobold (D:11)
12 creatures vanquished.

Vanquished Creatures (others)
  2 fungi (Lair:3)
  A plant (Lair:3)
3 creatures vanquished.

Grand Total: 375 creatures vanquished

Notes
Turn   | Place    | Note
-------+----------+-------------------------------------------
     0 | D:1      | DasRunzen the Demonspawn Fighter began the quest for the
                  | Orb.
     0 | D:1      | Reached XP level 1. HP: 18/18 MP: 1/1
    59 | D:1      | Gained mutation: When hurt, damage is shared between your
                  | health and your magic reserves. [demonic ancestry]
    59 | D:1      | Reached XP level 2. HP: 13/24 MP: 2/2
   544 | D:2      | Noticed Jessica
   552 | D:2      | Killed Jessica
   552 | D:2      | Reached XP level 3. HP: 29/29 MP: 3/3
   714 | D:2      | Gained mutation: You are partially covered in iridescent
                  | scales. (AC +2) [demonic ancestry]
   714 | D:2      | Reached XP level 4. HP: 29/35 MP: 2/4
  1114 | D:2      | Found a sparkling altar of Nemelex Xobeh,
  1488 | D:3      | Noticed an ice beast
  1505 | D:3      | Killed an ice beast
  1505 | D:3      | Gained mutation: You have large cloven feet. [demonic
                  | ancestry]
  1505 | D:3      | Reached XP level 5. HP: 30/42 MP: 3/5
  1542 | D:3      | Found a shimmering altar of Xom,
  1654 | D:3      | Gained mutation: You are mostly covered in iridescent
                  | scales. (AC +4) [demonic ancestry]
  1654 | D:3      | Reached XP level 6. HP: 41/48 MP: 6/6
  1655 | D:3      | Found a white marble altar of Elyvilon,
  2398 | D:4      | Found a shattered altar of Ashenzari,
  2487 | D:4      | Reached XP level 7. HP: 41/55 MP: 5/7
  2514 | D:4      | Found a sacrificial altar of Ru,
  2514 | D:4      | Found a shimmering blue altar of Sif Muna,
  2790 | D:5      | Entered Level 5 of the Dungeon
  3054 | D:5      | Got a fine falchion
  3055 | D:5      | Identified the +7 falchion of the Yoke {venom, rN+++ MP-9
                  | Int+3 Dex-3} (You found it on level 5 of the Dungeon)
  3085 | D:5      | Reached skill level 5 in Fighting
  3236 | D:5      | Found a staircase to the Ecumenical Temple,
  3244 | Temple   | Entered the Ecumenical Temple
  3282 | Temple   | Became a worshipper of Warmaster Okawaru
  3455 | D:5      | Reached skill level 1 in Long Blades
  3997 | D:6      | Reached skill level 1 in Invocations
  4142 | D:6      | Reached XP level 8. HP: 58/63 MP: 0/9
  4262 | D:6      | Reached * piety under Okawaru
  4262 | D:6      | Reached skill level 5 in Armour
  4262 | D:6      | Reached skill level 5 in Shields
  4267 | D:6      | Reached skill level 2 in Invocations
  4696 | D:6      | Found a burning altar of Makhleb,
  4797 | D:7      | Found a blossoming altar of Fedhas,
  4898 | D:7      | Reached skill level 3 in Invocations
  5159 | D:7      | Found a bloodstained altar of Trog,
  5254 | D:7      | Found Imalaov's Assorted Antiques,
  5493 | D:7      | Reached skill level 4 in Invocations
  5596 | D:8      | Noticed Psyche
  5605 | D:8      | Killed Psyche
  5605 | D:8      | Reached ** piety under Okawaru
  5605 | D:8      | Gained mutation: You regenerate magic rapidly. [demonic
                  | ancestry]
  5605 | D:8      | Reached XP level 9. HP: 70/70 MP: 2/12
  5810 | D:8      | Reached skill level 5 in Invocations
  5832 | D:8      | Noticed Grum
  5841 | D:8      | Killed Grum
  5941 | D:8      | Noticed Maurice
  5951 | D:8      | Noticed Pikel
  5956 | D:8      | Killed Maurice
  5956 | D:8      | Reached *** piety under Okawaru
  5970 | D:8      | Killed Pikel
  5970 | D:8      | Reached skill level 6 in Invocations
  6359 | D:9      | Gained mutation: A weak demonic guardian rushes to your
                  | aid. [demonic ancestry]
  6359 | D:9      | Reached XP level 10. HP: 57/79 MP: 3/14
  6487 | D:9      | Noticed Prince Ribbit
  6498 | D:9      | Killed Prince Ribbit
  6498 | D:9      | Reached skill level 5 in Long Blades
  6752 | D:9      | Reached skill level 7 in Invocations
  6810 | D:9      | Found a sparkling altar of Nemelex Xobeh,
  7180 | D:9      | Reached **** piety under Okawaru
  7665 | D:10     | Entered Level 10 of the Dungeon
  7688 | D:9      | Reached skill level 8 in Invocations
  7723 | D:10     | Reached ***** piety under Okawaru
  7769 | D:10     | Received a gift from Okawaru
  7974 | D:10     | Reached XP level 11. HP: 60/87 MP: 5/17
  8011 | D:10     | Received a gift from Okawaru
  8343 | D:10     | Reached skill level 9 in Invocations
  8396 | D:10     | Found a staircase to the Lair,
  8703 | D:11     | Noticed a white ugly thing
  8717 | D:11     | Killed a white ugly thing
  8739 | D:11     | Noticed a brown ugly thing
  9017 | D:11     | Noticed a stone giant
  9019 | D:11     | Noticed a wolf spider
  9023 | D:11     | Found a runed translucent door,
  9168 | D:11     | Found a staircase to the Orcish Mines,
  9408 | D:11     | Noticed a two-headed ogre
  9411 | D:11     | Noticed Snorg
  9420 | D:10     | Killed a two-headed ogre
  9672 | D:10     | Killed Snorg
 10307 | Lair:1   | Entered Level 1 of the Lair of Beasts
 10548 | Lair:1   | Reached skill level 10 in Invocations
 10753 | Lair:1   | Received a gift from Okawaru
 10836 | Lair:1   | Gained mutation: You have hoof-like feet. [demonic
                  | ancestry]
 10836 | Lair:1   | Reached XP level 12. HP: 92/96 MP: 10/19
 11215 | Lair:2   | Noticed Harold
 11235 | Lair:2   | Killed Harold
 11459 | Lair:2   | Found a staircase to the Shoals,
 11649 | Lair:2   | Reached skill level 10 in Fighting
 11925 | Lair:3   | Found a gate leading to a gauntlet,
 11932 | Gauntlet | Entered a Gauntlet
 11932 | Gauntlet | Found a transporter,
 11937 | Gauntlet | Found a transporter,
 11937 | Gauntlet | Found a transporter,
 11947 | Gauntlet | Found a transporter,
 11948 | Gauntlet | Found a transporter,
 11950 | Gauntlet | Noticed a hell beast
 11958 | Gauntlet | Found a transporter,
 11973 | Gauntlet | Found a transporter,
 11992 | Gauntlet | Noticed a death yak
 11993 | Gauntlet | Noticed a death yak
 11995 | Gauntlet | Found a transporter,
 11997 | Gauntlet | Noticed a death yak
 11998 | Gauntlet | Noticed a death yak
 11998 | Gauntlet | Noticed a death yak
 11999 | Gauntlet | Noticed a death yak
 12002 | Gauntlet | Noticed an entropy weaver
 12005 | Gauntlet | Found a transporter,
 12035 | Gauntlet | Found a transporter,
 12044 | Gauntlet | Found a transporter,
 12049 | Gauntlet | Found a transporter,
 12053 | Gauntlet | Noticed a catoblepas
 12092 | Gauntlet | Reached ****** piety under Okawaru
 12092 | Gauntlet | Reached skill level 11 in Invocations
 12198 | Gauntlet | Found a runed translucent door,
 12209 | Gauntlet | Found a transporter,
 12222 | Gauntlet | Killed a catoblepas
 12222 | Gauntlet | Received a gift from Okawaru
 12349 | Gauntlet | Killed an entropy weaver
 12376 | Gauntlet | Got an ancient trident
 12387 | Gauntlet | Identified the +5 trident "Tinieho" {vorpal, *Noise rF+ rC+
                  | Int+2} (You found it in a Gauntlet)
 12424 | Gauntlet | Noticed a minotaur
 12432 | Gauntlet | HP: 1/98 [minotaur/silver javelin (6)]
 12433 | Gauntlet | Hit by a silver javelin thrown by a minotaur

Levels and vault maps discovered:
D:1:      psy_arrival_conway, layout_basic, minmay_circled_x
D:2:      layout_loops_ring, nemelex_xobeh_ov_fountains_minmay, uniq_jessica
D:3:      layout_loops_ring, xom_butterflies, elyvilon_altar_3
D:4:      layout_basic, marbit_many_paths, minitemple, first_ration
D:5:      layout_gridville, minmay_temple_entry_glassed_door
D:6:      layout_loops_ring, makhleb_blood_cavern_becter
D:7:      layout_basic, overflow_temple_1_default, serial_shops, shop,
          trog_hazing_becter
D:8:      layout_basic, uniq_grum, uniq_pikel, uniq_maurice, uniq_psyche
D:9:      layout_rooms, lemuel_doored_altar, special_room [special_room_bee],
          hangedman_little_slice_of_home, uniq_prince_ribbit1
D:10:     layout_irregular_city, erik_lair_orcish_takeover, chequers_jeans
D:11:     layout_cave_pools, erik_orc_4, minmay_st_funbox,
          chequers_serial_rivers_room_a, lightli_fourway_metalbox, uniq_snorg
Temple:   regret_index_temple_sphere_string
Lair:1:   minmay_lair_oklob_tunnel, layout_hall_layers, st_stairs_6,
          grunt_megastairs_1, minmay_lair_oklob_chamber, uniq_fannar
Lair:2:   layout_regular_city, minmay_shoals_entry_centaurs, grunt_megastairs_4,
          uniq_harold
Lair:3:   layout_regular_city, gauntlet_entry_generic, columned_hall_lemuel,
          wad_woods_road_05
Gauntlet: minmay_gauntlet_77_tree [minmay_gauntlet_arena_77_box,
          minmay_gauntlet_arena_77_path,
          minmay_gauntlet_arena_77_tiled_triplets, minmay_gauntlet_arena_77_fan,
          minmay_gauntlet_arena_77_mirror,
          minmay_gauntlet_arena_77_chump_sandwich,
          minmay_gauntlet_arena_77_hold_the_fort, gauntlet_exit_green]

Skill      XL: |  1  2  3  4  5  6  7  8  9 10 11 12 |
---------------+-------------------------------------+-----
Polearms       | 2 3 |  3.9
Shields        | 3 4 5 6 7 8 9 |  9.5
Armour         | 3 4 5 6 7 8 9 |  9.5
Fighting       | 4 5 6 7 8 9 10 | 10.3
Long Blades    | 1 3 4 6 7 8 |  8.3
Invocations    | 1 4 6 8 10 11 | 11.4

Action                   |  1- 3 |  4- 6 |  7- 9 | 10-12 || total
-------------------------+-------+-------+-------+-------++-------
Melee: Trident           |   106 |   225 |    32 |     5 ||   368
       Kick              |       |    27 |    60 |   258 ||   345
       Falchion          |       |       |   231 |   754 ||   985
       Unarmed           |       |       |     7 |       ||     7
Invok: Heroism           |       |       |       |     6 ||     6
Evoke: Wand              |       |       |       |     2 ||     2
  Use: Scroll            |     3 |     3 |     6 |    12 ||    24
       Potion            |       |       |       |     4 ||     4
 Stab: Confused          |       |       |     1 |       ||     1
       Distracted        |       |       |       |    10 ||    10
  Eat: Chunk             |       |     6 |    12 |    21 ||    39
       Ration            |       |       |       |     1 ||     1
Armor: Scale mail        |    38 |    65 |   113 |    87 ||   303
       Plate armour      |       |       |       |   496 ||   496
Dodge: Dodged            |    14 |    46 |    88 |   221 ||   369
Block: Kite shield       |    42 |   104 |   118 |   470 ||   734
       Buckler           |       |       |       |     9 ||     9
       Rpst.: Falchion   |       |       |    29 |    58 ||    87

Table legend:
 A = Non-vault XP
 B = Vault XP
 C = Vault XP percentage of total XP
 D = Non-vault monster count
 E = Vault monster count
 F = Vault count percentage of total count
                 A         B        C        D         E       F
            +---------+---------+-------+---------+---------+-------
      Total |   16725 |   16355 |  49.4 |     263 |     108 |  29.1
            +---------+---------+-------+---------+---------+-------
        D:1 |      30 |       8 |  21.1 |      14 |       4 |  22.2
        D:2 |      59 |      37 |  38.5 |      17 |       1 |   5.6
        D:3 |     259 |       0 |   0.0 |      32 |       0 |   0.0
        D:4 |     373 |       2 |   0.5 |      26 |       1 |   3.7
        D:5 |     423 |       0 |   0.0 |      10 |       0 |   0.0
        D:6 |     435 |     142 |  24.6 |      20 |       2 |   9.1
        D:7 |     808 |       9 |   1.1 |      12 |       6 |  33.3
        D:8 |     295 |    2125 |  87.8 |       6 |       7 |  53.8
        D:9 |    1736 |    2143 |  55.2 |      26 |      33 |  55.9
       D:10 |    5610 |    1860 |  24.9 |      46 |      14 |  23.3
       D:11 |    1662 |     796 |  32.4 |      26 |      16 |  38.1
     Lair:1 |    2709 |    2162 |  44.4 |      13 |       8 |  38.1
     Lair:2 |    1972 |    1520 |  43.5 |      12 |       6 |  33.3
     Lair:3 |     354 |       0 |   0.0 |       3 |       0 |   0.0
   Gauntlet |       0 |    5551 | 100.0 |       0 |      10 | 100.0
            +---------+---------+-------+---------+---------+-------
